London Knights vs Laval Rockets

Created - 15 avril 2020 at 17:04

Goals
1 2 3 T
London Knights 0 2 4 6
Laval Rockets 3 5 1 9
Shots
1 2 3 T
London Knights 11 13 12 36
Laval Rockets 20 13 13 46

1st period

1. Laval Rockets , Jordan Weal 65 (Valeri Nichushkin 61, Emil Bemstrom 74) at 12:58
2. Laval Rockets , Jordan Weal 66 (Emil Bemstrom 75) at 13:06
3. Laval Rockets , Jayce Hawryluk 37 (Adam Brooks 30, Casey Nelson 37) at 16:25

Penalties :
Hunter Warner (KNI) for Hooking (Minor) at 1:33

2nd period

4. Laval Rockets , Jordan Weal 67 (Tomas Nosek 63) at 3:15 (PP)
5. Laval Rockets , Adam Brooks 16 (Jayce Hawryluk 38, Chris Butler 25) at 4:12
6. Laval Rockets , Emil Bemstrom 57 (Henri Jokiharju 63, Jordan Weal 90) at 4:22
7. Laval Rockets , Jordan Weal 68 (Valeri Nichushkin 62, Henri Jokiharju 64) at 8:07
8. London Knights , Keegan Kolesar 20 (Justin Kloos 57) at 11:01
9. London Knights , Filip Zadina 31 (Tyler Wotherspoon 34, Jack Rodewald 64) at 11:18
10. Laval Rockets , Ryan Fitzgerald 15 (Henri Jokiharju 65) at 18:04

Penalties :
Keegan Kolesar (KNI) for Roughing (Minor) at 2:57, Casey Nelson (BUL) for Fighting (Major) at 4:25, Filip Zadina (KNI) for Fighting (Major) at 4:25, Chris Breen (BUL) for Fighting (Major) at 4:31, Skyler McKenzie (KNI) for Fighting (Major) at 4:31, Josh Archibald (BUL) for Fighting (Major) at 8:58, Colby Williams (KNI) for Fighting (Major) at 8:58

3rd period

11. Laval Rockets , Jayce Hawryluk 38 (Dante Fabbro 30) at 2:32
12. London Knights , Filip Zadina 32 (Jayson Megna 57, Jack Rodewald 65) at 5:10
13. London Knights , Keegan Kolesar 21 (Justin Kloos 58) at 5:14
14. London Knights , Filip Zadina 33 (Jayson Megna 58, Jack Rodewald 66) at 8:26
15. London Knights , Sheldon Dries 33 (Ethan Prow 17) at 10:52

Penalties :
Chris Butler (BUL) for Fighting (Major) at 14:11, Keegan Kolesar (KNI) for Fighting (Major) at 14:11, Keegan Kolesar (KNI) for instigated a fight (Minor) at 14:11, Keegan Kolesar (KNI) for instigated a fight (10 Minutes Misconduct) at 14:11

Goalie Stats

Philippe Desrosiers (KNI), 21 saves from 27 shots - (0,778), 24:22 minutes
Unknown Goalie (KNI), 16 saves from 19 shots - (0,842), L, 0-1-0, 35:38 minutes
Landon Bow (BUL), 30 saves from 36 shots - (0,833), W, 12-18-0, 60:00 minutes

Players Stats for London Knights

Player Name              G  A  P  +/- PIM S  H  SB GA TA FO     MP     PP MP  PK MP  
------------------------------------------------------------------------------------
Colby Williams           0  0  0   0  5   0  0  2  0  1  0/0    18:55   0:00   1:59 
Ethan Prow               0  1  1  -2  0   3  1  3  0  1  0/0    28:14   0:00   2:17 
Filip Zadina             3  0  3   1  5   9  0  3  2  1  0/1    21:14   0:00   1:11 
Hunter Warner            0  0  0   0  2   0  0  2  0  1  0/0    12:49   0:00   0:00 
Jack Rodewald            0  3  3   1  0   3  1  1  1  1  2/3    23:25   0:00   2:08 
Jayson Megna             0  2  2   1  0   3  1  1  1  1  15/41  23:32   0:00   2:03 
John Hayden              0  0  0  -2  0   2  1  0  0  0  2/4    13:15   0:00   0:00 
Justin Kloos             0  2  2   0  0   2  1  3  0  1  8/22   18:22   0:00   1:11 
Keegan Kolesar           2  0  2   0  19  4  0  0  0  0  0/0    15:35   0:00   0:00 
Kieffer Bellows          0  0  0  -2  0   0  1  0  0  0  0/0    11:00   0:00   0:00 
Kristian Vesalainen      0  0  0   0  0   0  0  1  0  0  0/0     0:12   0:00   0:00 
Lucas Carlsson           0  0  0   0  0   0  1  0  0  3  0/0    20:44   0:00   1:59 
Manuel Wiederer          0  0  0  -1  0   0  1  0  0  0  0/0     6:32   0:00   0:00 
Matt Fonteyne            0  0  0  -1  0   0  0  0  0  0  0/0     6:32   0:00   0:00 
Matthew Spencer          0  0  0   0  0   2  1  2  0  0  0/0    11:44   0:00   0:00 
Nicolas Aube-Kubel       0  0  0  -2  0   1  0  1  0  0  0/0    11:39   0:00   0:00 
Sheldon Dries            1  0  1  -1  0   2  2  0  1  1  2/3     9:11   0:00   1:02 
Skyler McKenzie          0  0  0   0  5   3  1  0  1  0  0/0    15:11   0:00   0:57 
Tyler Wotherspoon        0  1  1  -2  0   2  2  1  0  3  0/0    27:32   0:00   2:17 

Players Stats for Laval Rockets

Player Name              G  A  P  +/- PIM S  H  SB GA TA FO     MP     PP MP  PK MP  
------------------------------------------------------------------------------------
Adam Brooks              1  1  2   2  0   3  0  0  0  0  5/8    11:15   0:00   0:00 
Brendan Guhle            0  0  0   2  0   0  1  2  0  0  0/0    15:59   1:47   0:00 
Casey Nelson             0  1  1  -1  5   2  1  6  1  1  0/0    23:42   2:19   0:00 
Chris Breen              0  0  0   1  5   1  1  2  0  0  0/0    14:46   0:59   0:00 
Chris Butler             0  1  1   1  5   4  1  0  0  1  0/0    20:12   1:30   0:00 
Dante Fabbro             0  1  1   1  0   1  2  2  0  0  0/0    19:49   2:57   0:00 
David Ullstrom           0  0  0  -2  0   2  1  0  0  0  15/20  15:57   0:00   0:00 
Emil Bemstrom            1  2  3   2  0   4  2  1  2  1  3/5    22:27   2:13   0:00 
Henri Jokiharju          0  3  3   0  0   1  4  1  1  0  0/0    27:48   1:19   0:00 
Jayce Hawryluk           2  1  3   2  0   5  3  1  2  0  0/0    11:38   0:01   0:00 
Jayden Halbgewachs       0  0  0   2  0   0  1  1  0  0  0/0    11:15   0:00   0:00 
Jordan Weal              4  1  5   2  0   10 1  1  1  0  18/34  22:02   1:50   0:00 
Josh Archibald           0  0  0  -2  5   2  1  2  3  1  1/1    16:48   2:19   0:00 
Logan O'Connor           0  0  0   0  0   1  0  0  0  0  0/1     7:56   0:00   0:00 
Rasmus Asplund           0  0  0   0  0   0  1  0  0  1  0/0     8:40   0:07   0:00 
Ryan Fitzgerald          1  0  1   0  0   2  0  0  1  0  1/2     9:53   0:19   0:00 
Tomas Nosek              0  1  1  -2  0   6  0  0  3  0  1/1    17:47   1:50   0:00 
Valeri Nichushkin        0  2  2   2  0   2  2  2  0  1  1/2    22:02   1:50   0:00 

3 Stars

1 - Jordan Weal (BUL)
2 - Jayce Hawryluk (BUL)
3 - Emil Bemstrom (BUL)

Power Play

London Knights - 0 on 0 Attempt(s) - 0,00%
Laval Rockets - 1 on 3 Attempt(s) - 33,33%

Penalty Kill

London Knights - 2 on 3 Attempt(s) - 66,67% - Score 0 goal in Penalty Kill
Laval Rockets - 0 on 0 Attempt(s) - 0,00% - Score 0 goal in Penalty Kill

Team Stat

London Knights - Hits : 14 - Faceoff Wins : 29 - Blocked Shots : 20 - Penalty Minutes : 36
Laval Rockets - Hits : 22 - Faceoff Wins : 45 - Blocked Shots : 21 - Penalty Minutes : 20

Official

Referees : Ghislain Hebert and Dean Morton
Linesman : Darren Gibbs and Brian Mach

Game Notes

Kristian Vesalainen is injured at 1:26 of 1st period (Upper Body)
9:32 of 1st period - Laval Rockets goal is going for a video replay. After video review, No Goal. The puck has been kicked using a distinct kicking motion.
14:07 of 1st period - Laval Rockets goal is going for a video replay. After video review, No Goal. The net was displaced accidentally.
Jordan Weal has scored a Hat Trick!
Unknown Goalie enters game at 4:22 of 2nd period
Filip Zadina beats up Casey Nelson at 4:25 of 2nd period
Skyler McKenzie beats up Chris Breen at 4:31 of 2nd period
Josh Archibald and Colby Williams fight to a draw at 8:58 of 2nd period
Filip Zadina has scored a Hat Trick!
Chris Butler and Keegan Kolesar fight to a draw at 14:11 of 3rd period

Finance

Level 1 -- Attendance: 1310 (65,50%) -- Ticket Income 58 950 $
Level 2 -- Attendance: 491 (49,10%) -- Ticket Income 12 275 $
Total Attendance: 1801 (60,03%)
Total Ticket Income: 71 225 $
Other Income: 34 900 $
Total Income: 106 125 $

London Knights

5 vs 5 Forward 
   Center                   Left Wing                Right Wing               Time % Phy DF OF 
 1 Jayson Megna             Filip Zadina             Jack Rodewald            40     1   2  2  
 2 Justin Kloos             Kristian Vesalainen      Keegan Kolesar           30     1   2  2  
 3 John Hayden              Kieffer Bellows          Nicolas Aube-Kubel       20     1   2  2  
 4 Sheldon Dries            Matt Fonteyne            Manuel Wiederer          10     1   2  2  

5 vs 5 Defense 
   Defense                  Defense                                           Time % Phy DF OF 
 1 Ethan Prow               Tyler Wotherspoon                                 40     1   2  2  
 2 Lucas Carlsson           Colby Williams                                    30     1   2  2  
 3 Hunter Warner            Matthew Spencer                                   20     1   2  2  
 4 Ethan Prow               Tyler Wotherspoon                                 10     1   2  2  

PowerPlay Forward 
   Center                   Left Wing                Right Wing               Time % Phy DF OF 
 1 Jayson Megna             Filip Zadina             Jack Rodewald            60     1   2  2  
 2 Justin Kloos             Kristian Vesalainen      Keegan Kolesar           40     1   2  2  

PowerPlay Defense
   Defense                  Defense                                           Time % Phy DF OF 
 1 Ethan Prow               Tyler Wotherspoon                                 60     1   2  2  
 2 Lucas Carlsson           Colby Williams                                    40     1   2  2  

Penalty Kill 4 Players Forward 
   Center                   Wing                     Time % Phy DF OF 
 1 Jayson Megna             Jack Rodewald            60     1   2  2  
 2 Justin Kloos             Filip Zadina             40     1   2  2  

Penalty Kill 4 Players Defense
   Defense                  Defense                  Time % Phy DF OF 
 1 Ethan Prow               Tyler Wotherspoon        60     1   2  2  
 2 Lucas Carlsson           Colby Williams           40     1   2  2  

Penalty Kill - 3 Players Forward 
   Forward                                           Time % Phy DF OF 
 1 Jayson Megna                                      60     1   2  2  
 2 Jack Rodewald                                     40     1   2  2  

Penalty Kill - 3 Players Defense
   Defense                  Defense                  Time % Phy DF OF 
 1 Ethan Prow               Tyler Wotherspoon        60     1   2  2  
 2 Lucas Carlsson           Colby Williams           40     1   2  2  

4 vs 4 Forward 
   Center                   Wing                     Time % Phy DF OF 
 1 Jayson Megna             Jack Rodewald            60     1   2  2  
 2 Justin Kloos             Filip Zadina             40     1   2  2  

4 vs 4 Defense
   Defense                  Defense                  Time % Phy DF OF 
 1 Ethan Prow               Tyler Wotherspoon        60     1   2  2  
 2 Lucas Carlsson           Colby Williams           40     1   2  2  

Last Minutes Offensive
   Center                   Left Wing                Right Wing               Defense                  Defense                  
   Jayson Megna             Filip Zadina             Jack Rodewald            Ethan Prow               Tyler Wotherspoon        

Last Minutes Defensive
   Center                   Left Wing                Right Wing               Defense                  Defense                  
   Jayson Megna             Filip Zadina             Jack Rodewald            Ethan Prow               Tyler Wotherspoon        

Goaltenders
Starting : Philippe Desrosiers      
Backup : Unknown Goalie           

Extra Forwards
Normal : Skyler McKenzie, John Hayden, Sheldon Dries - PP : Skyler McKenzie, John Hayden - PK : Sheldon Dries
Extra Defensemen
Normal : Hunter Warner, Matthew Spencer, Lucas Carlsson - PP : Hunter Warner - PK : Matthew Spencer, Lucas Carlsson
Penalty Shots
Jayson Megna, Jack Rodewald, Justin Kloos, Filip Zadina, Kristian Vesalainen

Scratches
Andy Andreoff (Healthy), Brian Pinho (Healthy), Caleb Herbert (Healthy), Brandon Halverson (Healthy)

Laval Rockets

5 vs 5 Forward 
   Center                   Left Wing                Right Wing               Time % Phy DF OF 
 1 Jordan Weal              Valeri Nichushkin        Emil Bemstrom            40     0   2  3  
 2 David Ullstrom           Josh Archibald           Tomas Nosek              30     0   2  3  
 3 Adam Brooks              Jayden Halbgewachs       Jayce Hawryluk           20     0   2  3  
 4 Ryan Fitzgerald          Rasmus Asplund           Logan O'Connor           10     1   2  2  

5 vs 5 Defense 
   Defense                  Defense                                           Time % Phy DF OF 
 1 Casey Nelson             Henri Jokiharju                                   40     0   2  3  
 2 Dante Fabbro             Chris Butler                                      30     0   3  2  
 3 Chris Breen              Brendan Guhle                                     20     0   3  2  
 4 Chris Butler             Henri Jokiharju                                   10     0   3  2  

PowerPlay Forward 
   Center                   Left Wing                Right Wing               Time % Phy DF OF 
 1 Emil Bemstrom            Casey Nelson             Josh Archibald           60     1   2  2  
 2 Tomas Nosek              Valeri Nichushkin        Jordan Weal              40     1   2  2  

PowerPlay Defense
   Defense                  Defense                                           Time % Phy DF OF 
 1 Dante Fabbro             Chris Butler                                      60     1   2  2  
 2 Henri Jokiharju          Brendan Guhle                                     40     1   2  2  

Penalty Kill 4 Players Forward 
   Center                   Wing                     Time % Phy DF OF 
 1 Emil Bemstrom            Josh Archibald           60     1   2  2  
 2 Valeri Nichushkin        Tomas Nosek              40     1   2  2  

Penalty Kill 4 Players Defense
   Defense                  Defense                  Time % Phy DF OF 
 1 Dante Fabbro             Chris Butler             60     1   2  2  
 2 Henri Jokiharju          Casey Nelson             40     1   2  2  

Penalty Kill - 3 Players Forward 
   Forward                                           Time % Phy DF OF 
 1 Emil Bemstrom                                     60     1   2  2  
 2 Josh Archibald                                    40     1   2  2  

Penalty Kill - 3 Players Defense
   Defense                  Defense                  Time % Phy DF OF 
 1 Dante Fabbro             Chris Butler             60     1   2  2  
 2 Henri Jokiharju          Casey Nelson             40     1   2  2  

4 vs 4 Forward 
   Center                   Wing                     Time % Phy DF OF 
 1 Emil Bemstrom            Josh Archibald           60     1   2  2  
 2 Valeri Nichushkin        Tomas Nosek              40     1   2  2  

4 vs 4 Defense
   Defense                  Defense                  Time % Phy DF OF 
 1 Dante Fabbro             Chris Butler             60     1   2  2  
 2 Henri Jokiharju          Casey Nelson             40     1   2  2  

Last Minutes Offensive
   Center                   Left Wing                Right Wing               Defense                  Defense                  
   Emil Bemstrom            Casey Nelson             Josh Archibald           Dante Fabbro             Chris Butler             

Last Minutes Defensive
   Center                   Left Wing                Right Wing               Defense                  Defense                  
   Emil Bemstrom            Casey Nelson             Josh Archibald           Dante Fabbro             Chris Butler             

Goaltenders
Starting : Landon Bow               
Backup : Unknown Goalie           

Extra Forwards
Normal : Ryan Fitzgerald, Rasmus Asplund, Jayce Hawryluk - PP : Ryan Fitzgerald, Rasmus Asplund - PK : Jayce Hawryluk
Extra Defensemen
Normal : Chris Breen, Brendan Guhle, Casey Nelson - PP : Chris Breen - PK : Brendan Guhle, Casey Nelson
Penalty Shots
Emil Bemstrom, Casey Nelson, Josh Archibald, Valeri Nichushkin, Tomas Nosek

Scratches
Giovanni Fiore (Healthy), Kyle Criscuolo (Healthy), Tim Erixon (Healthy), Antoine Waked (Healthy), Simon Benoit (Healthy)
Michael Pezzetta (Healthy), Chaz Reddekopp (Healthy), Tyler Lewington (Healthy), Adam Ollas Mattsson (Healthy), Andrew Sturtz (Healthy)
Chad Johnson (Healthy), Parker Milner (Healthy)

% Time on Ice - London Knights

Lines # - Real PCT - Wanted PCT - Time Play
Normal Forward
1 - 38% - 40% - 21:17
2 - 31% - 30% - 17:11
3 - 19% - 20% - 10:44
4 - 12% - 10% - 6:32
Normal Defense
1 - 37% - 40% - 20:21
2 - 34% - 30% - 18:45
3 - 21% - 20% - 11:44
4 - 9% - 10% - 4:54
PP Forward
1 - 0% - 60%
2 - 0% - 40%
PP Defense
1 - 0% - 60%
2 - 0% - 40%
PK Forward
1 - 72% - 60% - 3:05
2 - 28% - 40% - 1:11
PK Defense
1 - 54% - 60% - 2:17
2 - 46% - 40% - 1:59
PK3 Forward
1 - 0% - 60%
2 - 0% - 40%
PK3 Defense
1 - 0% - 60%
2 - 0% - 40%
44 Forward
1 - 0% - 60%
2 - 0% - 40%
44 Defense
1 - 0% - 60%
2 - 0% - 40%
Last Minute Offensive  - 0:00
Last Minute Defensive  - 0:00
Total
Forward - 60:00
Defense - 60:00

% Time on Ice - Laval Rockets

Lines # - Real PCT - Wanted PCT - Time Play
Normal Forward
1 - 37% - 40% - 20:36
2 - 29% - 30% - 15:57
3 - 20% - 20% - 11:15
4 - 14% - 10% - 7:56
Normal Defense
1 - 40% - 40% - 22:20
2 - 29% - 30% - 16:21
3 - 21% - 20% - 11:42
4 - 10% - 10% - 5:21
PP Forward
1 - 57% - 60% - 2:26
2 - 43% - 40% - 1:50
PP Defense
1 - 69% - 60% - 2:57
2 - 31% - 40% - 1:19
PK Forward
1 - 0% - 60%
2 - 0% - 40%
PK Defense
1 - 0% - 60%
2 - 0% - 40%
PK3 Forward
1 - 0% - 60%
2 - 0% - 40%
PK3 Defense
1 - 0% - 60%
2 - 0% - 40%
44 Forward
1 - 0% - 60%
2 - 0% - 40%
44 Defense
1 - 0% - 60%
2 - 0% - 40%
Last Minute Offensive  - 0:00
Last Minute Defensive  - 0:00
Total
Forward - 60:00
Defense - 60:00

Play-by-Play

1st period


0:01 of 1st period - Jordan Weal wins face-off versus Jayson Megna in neutral zone.
0:08 of 1st period - Snap shot by Emil Bemstrom.
0:08 of 1st period - Stopped by Philippe Desrosiers without a rebound.
0:09 of 1st period - Jordan Weal wins face-off versus Jayson Megna in London Knights zone.
0:52 of 1st period - Snap shot by Filip Zadina.
0:52 of 1st period - Stopped by Landon Bow with a rebound.
1:10 of 1st period - Snap shot by Emil Bemstrom.
1:10 of 1st period - Stopped by Philippe Desrosiers with a rebound.
1:12 of 1st period - Slapshot by Valeri Nichushkin.
1:12 of 1st period - Shot Misses the Net.
1:14 of 1st period - Wrist shot by Valeri Nichushkin.
1:14 of 1st period - Deflect By Jayson Megna.
1:14 of 1st period - Stopped by Philippe Desrosiers without a rebound.
1:15 of 1st period - David Ullstrom wins face-off versus Justin Kloos in London Knights zone.
1:22 of 1st period - Wrist shot by Josh Archibald.
1:22 of 1st period - Shot Blocked by Justin Kloos.
1:24 of 1st period - Snap shot by Tomas Nosek.
1:24 of 1st period - Shot Blocked by Justin Kloos.
1:26 of 1st period - Slapshot by Chris Butler.
1:26 of 1st period - Shot Blocked by Kristian Vesalainen.
1:26 of 1st period - Kristian Vesalainen from London Knights is injured at 1:26 of 1st period (Upper Body).
1:27 of 1st period - Adam Brooks wins face-off versus John Hayden in London Knights zone.
1:33 of 1st period - Minor Penalty to Hunter Warner for Hooking.
1:34 of 1st period - Emil Bemstrom wins face-off versus Jack Rodewald in London Knights zone.
3:33 of 1st period - Penalty to Hunter Warner is over, Hunter Warner is back on ice.
3:43 of 1st period - Henri Jokiharju is hit by Matthew Spencer and loses puck.
3:50 of 1st period - Matthew Spencer is hit by Jayce Hawryluk and loses puck.
4:17 of 1st period - Wrist shot by Justin Kloos.
4:17 of 1st period - Shot Blocked by Josh Archibald.
4:31 of 1st period - Justin Kloos is hit by Henri Jokiharju.
5:25 of 1st period - Jack Rodewald is hit by Valeri Nichushkin and loses puck.
5:45 of 1st period - Nicolas Aube-Kubel is hit by Jayce Hawryluk and loses puck.
6:11 of 1st period - Tyler Wotherspoon is hit by Jayden Halbgewachs and loses puck.
7:18 of 1st period - Hunter Warner is hit by David Ullstrom.
7:30 of 1st period - John Hayden is hit by Chris Breen and loses puck.
8:03 of 1st period - Brendan Guhle is hit by Manuel Wiederer and loses puck.
8:38 of 1st period - Tyler Wotherspoon is hit by Valeri Nichushkin and loses puck.
8:55 of 1st period - Jayce Hawryluk is hit by Lucas Carlsson and loses puck.
9:16 of 1st period - Snap shot by Sheldon Dries.
9:16 of 1st period - Stopped by Landon Bow with a rebound.
9:30 of 1st period - Slapshot by Tomas Nosek.
9:30 of 1st period - Shot Blocked by Matthew Spencer.
9:32 of 1st period - Snap shot by Tomas Nosek.
9:32 of 1st period - Laval Rockets goal is going for a video replay.
9:32 of 1st period - The goal is refused. The puck has been kicked using a distinct kicking motion..
9:33 of 1st period - Jayson Megna wins face-off versus David Ullstrom in London Knights zone.
9:56 of 1st period - Chris Butler is hit by Justin Kloos and loses puck.
10:01 of 1st period - Snap shot by Justin Kloos.
10:01 of 1st period - Shot Blocked by Valeri Nichushkin.
10:05 of 1st period - Wrist shot by Justin Kloos.
10:05 of 1st period - Shot Misses the Net.
10:53 of 1st period - Slapshot by Jayce Hawryluk.
10:53 of 1st period - Shot Misses the Net.
11:03 of 1st period - Snap shot by Logan O'Connor.
11:03 of 1st period - Shot Blocked by Colby Williams.
11:05 of 1st period - Snap shot by Ryan Fitzgerald.
11:05 of 1st period - Shot Blocked by Nicolas Aube-Kubel.
11:13 of 1st period - Backhand shot by Logan O'Connor.
11:13 of 1st period - Stopped by Philippe Desrosiers with a rebound.
11:50 of 1st period - Wrist shot by Jayce Hawryluk.
11:50 of 1st period - Stopped by Philippe Desrosiers with a rebound.
11:52 of 1st period - Snap shot by Jayden Halbgewachs.
11:52 of 1st period - Deflect By Justin Kloos.
11:52 of 1st period - Shot Misses the Net.
11:52 of 1st period - Puck is out of play.
11:53 of 1st period - Adam Brooks wins face-off versus Justin Kloos in London Knights zone.
12:05 of 1st period - Snap shot by Justin Kloos.
12:05 of 1st period - Shot Misses the Net.
12:07 of 1st period - Snap shot by Justin Kloos.
12:07 of 1st period - Shot Misses the Net.
12:09 of 1st period - Slapshot by Ethan Prow.
12:09 of 1st period - Deflect By Skyler McKenzie.
12:09 of 1st period - Shot Misses the Net.
12:09 of 1st period - Puck is out of play.
12:10 of 1st period - Jayson Megna wins face-off versus David Ullstrom in Laval Rockets zone.
12:11 of 1st period - Snap shot by Filip Zadina.
12:11 of 1st period - Stopped by Landon Bow with a rebound.
12:13 of 1st period - Wrist shot by Jayson Megna.
12:13 of 1st period - Deflect By Jack Rodewald.
12:13 of 1st period - Shot Misses the Net.
12:13 of 1st period - Puck is out of play.
12:14 of 1st period - David Ullstrom wins face-off versus Jayson Megna in Laval Rockets zone.
12:23 of 1st period - Wrist shot by Jayson Megna.
12:23 of 1st period - Stopped by Landon Bow with a rebound.
12:25 of 1st period - Backhand shot by Ethan Prow.
12:25 of 1st period - Shot Misses the Net.
12:27 of 1st period - Snap shot by Jack Rodewald.
12:27 of 1st period - Shot Misses the Net.
12:44 of 1st period - Snap shot by Justin Kloos.
12:44 of 1st period - Deflect By Skyler McKenzie.
12:44 of 1st period - Stopped by Landon Bow without a rebound.
12:45 of 1st period - Jordan Weal wins face-off versus Justin Kloos in Laval Rockets zone.
12:50 of 1st period - Snap shot by Emil Bemstrom.
12:50 of 1st period - Shot Misses the Net.
12:58 of 1st period - Slapshot by Jordan Weal.
12:58 of 1st period - Goal by Jordan Weal - London Knights : 0 - Laval Rockets : 1.
12:59 of 1st period - Emil Bemstrom wins face-off versus Jayson Megna in neutral zone.
13:06 of 1st period - Wrist shot by Jordan Weal.
13:06 of 1st period - Goal by Jordan Weal - London Knights : 0 - Laval Rockets : 2.
13:07 of 1st period - Jayson Megna wins face-off versus David Ullstrom in neutral zone.
13:18 of 1st period - Slapshot by Filip Zadina.
13:18 of 1st period - Shot Blocked by Casey Nelson.
13:20 of 1st period - Slapshot by Tyler Wotherspoon.
13:20 of 1st period - Deflect By Jack Rodewald.
13:20 of 1st period - Shot Misses the Net.
13:20 of 1st period - Puck is out of play.
13:21 of 1st period - Jayson Megna wins face-off versus Jordan Weal in Laval Rockets zone.
13:32 of 1st period - Wrist shot by Jack Rodewald.
13:32 of 1st period - Stopped by Landon Bow with a rebound.
13:34 of 1st period - Wrist shot by Jayson Megna.
13:34 of 1st period - Shot Misses the Net.
13:53 of 1st period - Snap shot by Tomas Nosek.
13:53 of 1st period - Stopped by Philippe Desrosiers without a rebound.
13:54 of 1st period - David Ullstrom wins face-off versus Justin Kloos in London Knights zone.
14:03 of 1st period - Snap shot by David Ullstrom.
14:03 of 1st period - Shot Misses the Net.
14:05 of 1st period - Snap shot by Dante Fabbro.
14:05 of 1st period - Stopped by Philippe Desrosiers with a rebound.
14:07 of 1st period - Snap shot by Chris Butler.
14:07 of 1st period - Laval Rockets goal is going for a video replay.
14:07 of 1st period - The goal is refused. The net was displaced accidentally..
14:08 of 1st period - Jayson Megna wins face-off versus Jordan Weal in London Knights zone.
14:39 of 1st period - Snap shot by David Ullstrom.
14:39 of 1st period - Stopped by Philippe Desrosiers without a rebound.
14:40 of 1st period - David Ullstrom wins face-off versus Justin Kloos in London Knights zone.
14:47 of 1st period - Snap shot by Keegan Kolesar.
14:47 of 1st period - Shot Blocked by Casey Nelson.
14:49 of 1st period - Snap shot by Keegan Kolesar.
14:49 of 1st period - Shot Misses the Net.
14:51 of 1st period - Slapshot by Justin Kloos.
14:51 of 1st period - Shot Misses the Net.
14:53 of 1st period - Wrist shot by Skyler McKenzie.
14:53 of 1st period - Stopped by Landon Bow with a rebound.
14:55 of 1st period - Slapshot by Keegan Kolesar.
14:55 of 1st period - Shot Blocked by Josh Archibald.
15:09 of 1st period - Snap shot by Emil Bemstrom.
15:09 of 1st period - Stopped by Philippe Desrosiers with a rebound.
15:11 of 1st period - Slapshot by Casey Nelson.
15:11 of 1st period - Stopped by Philippe Desrosiers with a rebound.
15:13 of 1st period - Snap shot by Emil Bemstrom.
15:13 of 1st period - Shot Misses the Net.
15:15 of 1st period - Snap shot by Emil Bemstrom.
15:15 of 1st period - Deflect By Jordan Weal.
15:15 of 1st period - Shot Blocked by Filip Zadina.
15:15 of 1st period - Puck is out of play.
15:16 of 1st period - John Hayden wins face-off versus Adam Brooks in London Knights zone.
15:23 of 1st period - Snap shot by Ethan Prow.
15:23 of 1st period - Shot Blocked by Dante Fabbro.
15:31 of 1st period - Snap shot by Jayce Hawryluk.
15:31 of 1st period - Shot Misses the Net.
15:48 of 1st period - Snap shot by Jordan Weal.
15:48 of 1st period - Stopped by Philippe Desrosiers without a rebound.
15:49 of 1st period - David Ullstrom wins face-off versus Jayson Megna in London Knights zone.
16:15 of 1st period - Snap shot by Jayce Hawryluk.
16:15 of 1st period - Stopped by Philippe Desrosiers without a rebound.
16:16 of 1st period - Justin Kloos wins face-off versus Adam Brooks in London Knights zone.
16:21 of 1st period - Wrist shot by Jayden Halbgewachs.
16:21 of 1st period - Shot Misses the Net.
16:23 of 1st period - Slapshot by Casey Nelson.
16:23 of 1st period - Shot Misses the Net.
16:25 of 1st period - Snap shot by Adam Brooks.
16:25 of 1st period - Deflect By Jayce Hawryluk.
16:25 of 1st period - Goal by Jayce Hawryluk - London Knights : 0 - Laval Rockets : 3.
16:26 of 1st period - Jayson Megna wins face-off versus Jordan Weal in neutral zone.
16:40 of 1st period - Off-side.
16:41 of 1st period - Justin Kloos wins face-off versus David Ullstrom in neutral zone.
17:08 of 1st period - Chris Butler is hit by Tyler Wotherspoon and loses puck.
17:30 of 1st period - Off-side.
17:31 of 1st period - Adam Brooks wins face-off versus John Hayden in neutral zone.
18:05 of 1st period - Snap shot by Filip Zadina.
18:05 of 1st period - Shot Blocked by Emil Bemstrom.
18:07 of 1st period - Snap shot by Jayson Megna.
18:07 of 1st period - Stopped by Landon Bow without a rebound.
18:08 of 1st period - David Ullstrom wins face-off versus Justin Kloos in Laval Rockets zone.
18:23 of 1st period - Snap shot by Josh Archibald.
18:23 of 1st period - Stopped by Philippe Desrosiers with a rebound.
18:42 of 1st period - Wrist shot by Filip Zadina.
18:42 of 1st period - Stopped by Landon Bow with a rebound.
18:50 of 1st period - Wrist shot by Filip Zadina.
18:50 of 1st period - Shot Blocked by Casey Nelson.
19:02 of 1st period - Wrist shot by Kieffer Bellows.
19:02 of 1st period - Shot Misses the Net.
19:04 of 1st period - Slapshot by Tyler Wotherspoon.
19:04 of 1st period - Shot Blocked by Jayden Halbgewachs.
19:06 of 1st period - Slapshot by Ethan Prow.
19:06 of 1st period - Shot Blocked by Jayce Hawryluk.
19:08 of 1st period - Slapshot by Ethan Prow.
19:08 of 1st period - Stopped by Landon Bow with a rebound.
19:10 of 1st period - Slapshot by Ethan Prow.
19:10 of 1st period - Deflect By John Hayden.
19:10 of 1st period - Stopped by Landon Bow without a rebound.
19:11 of 1st period - David Ullstrom wins face-off versus Jayson Megna in Laval Rockets zone.
19:16 of 1st period - Snap shot by Josh Archibald.
19:16 of 1st period - Shot Misses the Net.
19:20 of 1st period - Snap shot by David Ullstrom.
19:20 of 1st period - Shot Misses the Net.
19:22 of 1st period - Snap shot by Chris Butler.
19:22 of 1st period - Stopped by Philippe Desrosiers with a rebound.
19:24 of 1st period - Snap shot by Josh Archibald.
19:24 of 1st period - Shot Blocked by Jack Rodewald.
19:26 of 1st period - Backhand shot by Chris Butler.
19:26 of 1st period - Stopped by Philippe Desrosiers with a rebound.
19:36 of 1st period - Jayson Megna is hit by Jayce Hawryluk and loses puck.
19:43 of 1st period - Wrist shot by Adam Brooks.
19:43 of 1st period - Shot Misses the Net.
19:45 of 1st period - Slapshot by Adam Brooks.
19:45 of 1st period - Shot Blocked by Filip Zadina.
Goals for this period are 0 for London Knights vs 3 for Laval Rockets.
Shots for this period are 11 for London Knights vs 20 for Laval Rockets.

2nd period


0:01 of 2nd period - Justin Kloos wins face-off versus Jordan Weal in neutral zone.
0:08 of 2nd period - Snap shot by Justin Kloos.
0:08 of 2nd period - Stopped by Landon Bow without a rebound.
0:09 of 2nd period - Justin Kloos wins face-off versus Jordan Weal in Laval Rockets zone.
0:10 of 2nd period - Wrist shot by Keegan Kolesar.
0:10 of 2nd period - Shot Blocked by Jordan Weal.
0:12 of 2nd period - Slapshot by Tyler Wotherspoon.
0:12 of 2nd period - Stopped by Landon Bow without a rebound.
0:13 of 2nd period - Justin Kloos wins face-off versus Jordan Weal in Laval Rockets zone.
0:14 of 2nd period - Snap shot by Keegan Kolesar.
0:14 of 2nd period - Shot Misses the Net.
0:50 of 2nd period - Snap shot by Josh Archibald.
0:50 of 2nd period - Shot Blocked by Hunter Warner.
1:22 of 2nd period - Snap shot by Ryan Fitzgerald.
1:22 of 2nd period - Shot Misses the Net.
1:44 of 2nd period - Slapshot by Justin Kloos.
1:44 of 2nd period - Shot Blocked by Chris Breen.
1:46 of 2nd period - Slapshot by Justin Kloos.
1:46 of 2nd period - Shot Blocked by Valeri Nichushkin.
1:48 of 2nd period - Slapshot by Skyler McKenzie.
1:48 of 2nd period - Shot Blocked by Chris Breen.
1:50 of 2nd period - Wrist shot by Skyler McKenzie.
1:50 of 2nd period - Stopped by Landon Bow with a rebound.
2:06 of 2nd period - Snap shot by Jordan Weal.
2:06 of 2nd period - Stopped by Philippe Desrosiers with a rebound.
2:57 of 2nd period - Minor Penalty to Keegan Kolesar for Roughing.
2:58 of 2nd period - Jayson Megna wins face-off versus Emil Bemstrom in London Knights zone.
3:09 of 2nd period - Wrist shot by Josh Archibald.
3:09 of 2nd period - Shot Misses the Net.
3:11 of 2nd period - Wrist shot by Emil Bemstrom.
3:11 of 2nd period - Shot Misses the Net.
3:13 of 2nd period - Slapshot by Casey Nelson.
3:13 of 2nd period - Stopped by Philippe Desrosiers without a rebound.
3:14 of 2nd period - Tomas Nosek wins face-off versus Jayson Megna in London Knights zone.
3:15 of 2nd period - Wrist shot by Jordan Weal.
3:15 of 2nd period - Goal by Jordan Weal - London Knights : 0 - Laval Rockets : 4.
3:16 of 2nd period - Jordan Weal wins face-off versus Jayson Megna in neutral zone.
3:26 of 2nd period - Wrist shot by Jack Rodewald.
3:26 of 2nd period - Stopped by Landon Bow with a rebound.
3:28 of 2nd period - Snap shot by Jack Rodewald.
3:28 of 2nd period - Shot Blocked by Casey Nelson.
3:43 of 2nd period - Skyler McKenzie is hit by Casey Nelson and loses puck.
3:48 of 2nd period - Snap shot by Josh Archibald.
3:48 of 2nd period - Stopped by Philippe Desrosiers with a rebound.
4:04 of 2nd period - Wrist shot by Jayce Hawryluk.
4:04 of 2nd period - Shot Misses the Net.
4:06 of 2nd period - Snap shot by Adam Brooks.
4:06 of 2nd period - Deflect By John Hayden.
4:06 of 2nd period - Stopped by Philippe Desrosiers with a rebound.
4:10 of 2nd period - Snap shot by Adam Brooks.
4:10 of 2nd period - Shot Misses the Net.
4:12 of 2nd period - Snap shot by Jayce Hawryluk.
4:12 of 2nd period - Deflect By Adam Brooks.
4:12 of 2nd period - Goal by Adam Brooks - London Knights : 0 - Laval Rockets : 5.
4:13 of 2nd period - Jordan Weal wins face-off versus Jayson Megna in neutral zone.
4:16 of 2nd period - Slapshot by Henri Jokiharju.
4:16 of 2nd period - Shot Blocked by Ethan Prow.
4:22 of 2nd period - Snap shot by Emil Bemstrom.
4:22 of 2nd period - Goal by Emil Bemstrom - London Knights : 0 - Laval Rockets : 6.
4:22 of 2nd period - Unknown Goalie enters game.
4:23 of 2nd period - Jordan Weal wins face-off versus Jayson Megna in neutral zone.
4:25 of 2nd period - Filip Zadina beats up Casey Nelson.
4:25 of 2nd period - Penalty to Casey Nelson for Fighting.
4:25 of 2nd period - Penalty to Filip Zadina for Fighting.
4:26 of 2nd period - Jordan Weal wins face-off versus Jayson Megna in neutral zone.
4:28 of 2nd period - Off-side.
4:29 of 2nd period - Valeri Nichushkin wins face-off versus Jayson Megna in neutral zone.
4:31 of 2nd period - Skyler McKenzie beats up Chris Breen.
4:31 of 2nd period - Penalty to Chris Breen for Fighting.
4:31 of 2nd period - Penalty to Skyler McKenzie for Fighting.
4:32 of 2nd period - Jayson Megna wins face-off versus Jordan Weal in neutral zone.
4:35 of 2nd period - Jordan Weal is hit by Jack Rodewald and loses puck.
4:41 of 2nd period - Jordan Weal is hit by John Hayden and loses puck.
5:32 of 2nd period - Wrist shot by Jayden Halbgewachs.
5:32 of 2nd period - Shot Misses the Net.
5:59 of 2nd period - Icing by Justin Kloos.
6:00 of 2nd period - Jordan Weal wins face-off versus Justin Kloos in London Knights zone.
6:01 of 2nd period - Slapshot by Emil Bemstrom.
6:01 of 2nd period - Shot Blocked by Colby Williams.
6:27 of 2nd period - Tomas Nosek is hit by Ethan Prow and loses puck.
6:47 of 2nd period - Off-side.
6:48 of 2nd period - Adam Brooks wins face-off versus Justin Kloos in neutral zone.
7:16 of 2nd period - Jordan Weal is hit by Sheldon Dries and loses puck.
8:03 of 2nd period - Snap shot by Henri Jokiharju.
8:03 of 2nd period - Shot Misses the Net.
8:05 of 2nd period - Slapshot by Valeri Nichushkin.
8:05 of 2nd period - Shot Misses the Net.
8:07 of 2nd period - Wrist shot by Jordan Weal.
8:07 of 2nd period - Goal by Jordan Weal - London Knights : 0 - Laval Rockets : 7.
8:08 of 2nd period - Jordan Weal wins face-off versus Jayson Megna in neutral zone.
8:40 of 2nd period - Off-side.
8:41 of 2nd period - David Ullstrom wins face-off versus Justin Kloos in neutral zone.
8:58 of 2nd period - Josh Archibald and Colby Williams fight to a draw.
8:58 of 2nd period - Penalty to Josh Archibald for Fighting.
8:58 of 2nd period - Penalty to Colby Williams for Fighting.
8:59 of 2nd period - Jayson Megna wins face-off versus Jordan Weal in neutral zone.
9:26 of 2nd period - Tomas Nosek is hit by Sheldon Dries and loses puck.
9:43 of 2nd period - Lucas Carlsson is hit by Henri Jokiharju and loses puck.
10:20 of 2nd period - Snap shot by Jordan Weal.
10:20 of 2nd period - Stopped by Unknown Goalie with a rebound.
10:59 of 2nd period - Slapshot by Justin Kloos.
10:59 of 2nd period - Stopped by Landon Bow without a rebound.
11:00 of 2nd period - Justin Kloos wins face-off versus Adam Brooks in Laval Rockets zone.
11:01 of 2nd period - Wrist shot by Keegan Kolesar.
11:01 of 2nd period - Goal by Keegan Kolesar - London Knights : 1 - Laval Rockets : 7.
11:02 of 2nd period - Jordan Weal wins face-off versus Jayson Megna in neutral zone.
11:05 of 2nd period - Jack Rodewald is hit by Jordan Weal and loses puck.
11:12 of 2nd period - Slapshot by Filip Zadina.
11:12 of 2nd period - Shot Blocked by Casey Nelson.
11:14 of 2nd period - Slapshot by Tyler Wotherspoon.
11:14 of 2nd period - Stopped by Landon Bow with a rebound.
11:16 of 2nd period - Slapshot by Tyler Wotherspoon.
11:16 of 2nd period - Shot Misses the Net.
11:18 of 2nd period - Wrist shot by Filip Zadina.
11:18 of 2nd period - Goal by Filip Zadina - London Knights : 2 - Laval Rockets : 7.
11:19 of 2nd period - John Hayden wins face-off versus Valeri Nichushkin in neutral zone.
11:45 of 2nd period - Henri Jokiharju is hit by Jayson Megna and loses puck.
11:50 of 2nd period - Snap shot by Filip Zadina.
11:50 of 2nd period - Deflect By Tomas Nosek.
11:50 of 2nd period - Stopped by Landon Bow with a rebound.
11:52 of 2nd period - Backhand shot by Matthew Spencer.
11:52 of 2nd period - Stopped by Landon Bow with a rebound.
11:54 of 2nd period - Wrist shot by Filip Zadina.
11:54 of 2nd period - Shot Blocked by Casey Nelson.
11:56 of 2nd period - Snap shot by Jack Rodewald.
11:56 of 2nd period - Shot Misses the Net.
11:58 of 2nd period - Wrist shot by Filip Zadina.
11:58 of 2nd period - Shot Blocked by Henri Jokiharju.
12:18 of 2nd period - Wrist shot by Jayce Hawryluk.
12:18 of 2nd period - Stopped by Unknown Goalie with a rebound.
12:20 of 2nd period - Wrist shot by Adam Brooks.
12:20 of 2nd period - Shot Misses the Net.
13:31 of 2nd period - Manuel Wiederer is hit by Emil Bemstrom and loses puck.
14:46 of 2nd period - Slapshot by Manuel Wiederer.
14:46 of 2nd period - Shot Misses the Net.
15:00 of 2nd period - Snap shot by Tomas Nosek.
15:00 of 2nd period - Shot Misses the Net.
15:02 of 2nd period - Slapshot by Chris Butler.
15:02 of 2nd period - Shot Blocked by Matthew Spencer.
15:04 of 2nd period - Slapshot by Chris Butler.
15:04 of 2nd period - Shot Blocked by Hunter Warner.
15:06 of 2nd period - Snap shot by Tomas Nosek.
15:06 of 2nd period - Stopped by Unknown Goalie with a rebound.
15:34 of 2nd period - Snap shot by Keegan Kolesar.
15:34 of 2nd period - Stopped by Landon Bow without a rebound.
15:35 of 2nd period - Adam Brooks wins face-off versus Justin Kloos in Laval Rockets zone.
15:40 of 2nd period - Off-side.
15:41 of 2nd period - Jordan Weal wins face-off versus Jayson Megna in neutral zone.
15:56 of 2nd period - Snap shot by Jordan Weal.
15:56 of 2nd period - Stopped by Unknown Goalie with a rebound.
16:26 of 2nd period - Wrist shot by Ethan Prow.
16:26 of 2nd period - Stopped by Landon Bow with a rebound.
16:28 of 2nd period - Snap shot by Skyler McKenzie.
16:28 of 2nd period - Shot Blocked by Dante Fabbro.
16:46 of 2nd period - Colby Williams is hit by Rasmus Asplund and loses puck.
17:12 of 2nd period - Backhand shot by Valeri Nichushkin.
17:12 of 2nd period - Shot Misses the Net.
17:41 of 2nd period - Nicolas Aube-Kubel is hit by Josh Archibald and loses puck.
18:02 of 2nd period - Wrist shot by Ryan Fitzgerald.
18:02 of 2nd period - Shot Misses the Net.
18:04 of 2nd period - Wrist shot by Ryan Fitzgerald.
18:04 of 2nd period - Goal by Ryan Fitzgerald - London Knights : 2 - Laval Rockets : 8.
18:05 of 2nd period - Jordan Weal wins face-off versus Jayson Megna in neutral zone.
18:35 of 2nd period - Slapshot by Brendan Guhle.
18:35 of 2nd period - Shot Blocked by Ethan Prow.
19:21 of 2nd period - Wrist shot by Lucas Carlsson.
19:21 of 2nd period - Shot Misses the Net.
19:56 of 2nd period - Wrist shot by Keegan Kolesar.
19:56 of 2nd period - Shot Blocked by Brendan Guhle.
19:58 of 2nd period - Snap shot by Matthew Spencer.
19:58 of 2nd period - Stopped by Landon Bow with a rebound.
Goals for this period are 2 for London Knights vs 5 for Laval Rockets.
Shots for this period are 13 for London Knights vs 13 for Laval Rockets.

3rd period


0:01 of 3rd period - Jack Rodewald wins face-off versus Emil Bemstrom in neutral zone.
0:26 of 3rd period - Ethan Prow is hit by Henri Jokiharju and loses puck.
0:51 of 3rd period - Snap shot by Jayden Halbgewachs.
0:51 of 3rd period - Shot Misses the Net.
1:05 of 3rd period - Snap shot by Adam Brooks.
1:05 of 3rd period - Stopped by Unknown Goalie without a rebound.
1:06 of 3rd period - Sheldon Dries wins face-off versus Ryan Fitzgerald in London Knights zone.
1:16 of 3rd period - Off-side.
1:17 of 3rd period - Jack Rodewald wins face-off versus Jordan Weal in neutral zone.
1:22 of 3rd period - Wrist shot by Jack Rodewald.
1:22 of 3rd period - Deflect By Jayson Megna.
1:22 of 3rd period - Stopped by Landon Bow without a rebound.
1:23 of 3rd period - Jordan Weal wins face-off versus Jayson Megna in Laval Rockets zone.
2:32 of 3rd period - Snap shot by Jayce Hawryluk.
2:32 of 3rd period - Goal by Jayce Hawryluk - London Knights : 2 - Laval Rockets : 9.
2:33 of 3rd period - Jordan Weal wins face-off versus Jayson Megna in neutral zone.
2:36 of 3rd period - Slapshot by Valeri Nichushkin.
2:36 of 3rd period - Stopped by Unknown Goalie with a rebound.
2:38 of 3rd period - Slapshot by Henri Jokiharju.
2:38 of 3rd period - Stopped by Unknown Goalie with a rebound.
2:58 of 3rd period - Tomas Nosek is hit by Tyler Wotherspoon.
3:24 of 3rd period - Snap shot by Jayden Halbgewachs.
3:24 of 3rd period - Shot Misses the Net.
3:26 of 3rd period - Slapshot by Chris Butler.
3:26 of 3rd period - Stopped by Unknown Goalie without a rebound.
3:27 of 3rd period - Jayson Megna wins face-off versus Jordan Weal in London Knights zone.
3:51 of 3rd period - Icing by Josh Archibald.
3:52 of 3rd period - Josh Archibald wins face-off versus Justin Kloos in Laval Rockets zone.
4:03 of 3rd period - Colby Williams is hit by Brendan Guhle and loses puck.
4:37 of 3rd period - Filip Zadina is hit by Dante Fabbro and loses puck.
5:00 of 3rd period - Wrist shot by Filip Zadina.
5:00 of 3rd period - Stopped by Landon Bow with a rebound.
5:02 of 3rd period - Slapshot by Colby Williams.
5:02 of 3rd period - Shot Misses the Net.
5:04 of 3rd period - Snap shot by Jack Rodewald.
5:04 of 3rd period - Shot Misses the Net.
5:06 of 3rd period - Wrist shot by Filip Zadina.
5:06 of 3rd period - Shot Misses the Net.
5:08 of 3rd period - Snap shot by Jayson Megna.
5:08 of 3rd period - Shot Misses the Net.
5:10 of 3rd period - Snap shot by Filip Zadina.
5:10 of 3rd period - Goal by Filip Zadina - London Knights : 3 - Laval Rockets : 9.
5:11 of 3rd period - Justin Kloos wins face-off versus Jordan Weal in neutral zone.
5:14 of 3rd period - Wrist shot by Keegan Kolesar.
5:14 of 3rd period - Goal by Keegan Kolesar - London Knights : 4 - Laval Rockets : 9.
5:15 of 3rd period - Jordan Weal wins face-off versus Jayson Megna in neutral zone.
5:26 of 3rd period - Wrist shot by Ethan Prow.
5:26 of 3rd period - Deflect By Henri Jokiharju.
5:26 of 3rd period - Stopped by Landon Bow with a rebound.
5:28 of 3rd period - Snap shot by Filip Zadina.
5:28 of 3rd period - Deflect By Jack Rodewald.
5:28 of 3rd period - Shot Misses the Net.
5:28 of 3rd period - Puck is out of play.
5:29 of 3rd period - David Ullstrom wins face-off versus Justin Kloos in Laval Rockets zone.
5:29 of 3rd period - David Ullstrom is hit by Skyler McKenzie.
5:35 of 3rd period - Backhand shot by Casey Nelson.
5:35 of 3rd period - Shot Blocked by Ethan Prow.
6:03 of 3rd period - Snap shot by Jayson Megna.
6:03 of 3rd period - Shot Misses the Net.
6:05 of 3rd period - Snap shot by Jayson Megna.
6:05 of 3rd period - Shot Misses the Net.
6:07 of 3rd period - Wrist shot by Jayson Megna.
6:07 of 3rd period - Shot Misses the Net.
6:09 of 3rd period - Snap shot by Jack Rodewald.
6:09 of 3rd period - Stopped by Landon Bow with a rebound.
6:23 of 3rd period - Sheldon Dries is hit by Henri Jokiharju and loses puck.
7:16 of 3rd period - Snap shot by Ryan Fitzgerald.
7:16 of 3rd period - Stopped by Unknown Goalie without a rebound.
7:17 of 3rd period - David Ullstrom wins face-off versus Jayson Megna in London Knights zone.
7:18 of 3rd period - Snap shot by Tomas Nosek.
7:18 of 3rd period - Stopped by Unknown Goalie with a rebound.
7:20 of 3rd period - Slapshot by Brendan Guhle.
7:20 of 3rd period - Shot Misses the Net.
7:24 of 3rd period - Snap shot by Tomas Nosek.
7:24 of 3rd period - Stopped by Unknown Goalie without a rebound.
7:25 of 3rd period - David Ullstrom wins face-off versus Jayson Megna in London Knights zone.
7:40 of 3rd period - Snap shot by Tomas Nosek.
7:40 of 3rd period - Stopped by Unknown Goalie with a rebound.
8:18 of 3rd period - Wrist shot by John Hayden.
8:18 of 3rd period - Stopped by Landon Bow without a rebound.
8:19 of 3rd period - David Ullstrom wins face-off versus Jayson Megna in Laval Rockets zone.
8:26 of 3rd period - Snap shot by Filip Zadina.
8:26 of 3rd period - Goal by Filip Zadina - London Knights : 5 - Laval Rockets : 9.
8:27 of 3rd period - Jayson Megna wins face-off versus Jordan Weal in neutral zone.
8:29 of 3rd period - Off-side.
8:30 of 3rd period - Jordan Weal wins face-off versus Jayson Megna in neutral zone.
8:35 of 3rd period - Wrist shot by Emil Bemstrom.
8:35 of 3rd period - Shot Misses the Net.
8:37 of 3rd period - Slapshot by Valeri Nichushkin.
8:37 of 3rd period - Shot Misses the Net.
8:39 of 3rd period - Slapshot by Jordan Weal.
8:39 of 3rd period - Deflect By Emil Bemstrom.
8:39 of 3rd period - Shot Blocked by Jayson Megna.
8:39 of 3rd period - Puck is out of play.
8:40 of 3rd period - Jordan Weal wins face-off versus Jayson Megna in London Knights zone.
9:09 of 3rd period - Wrist shot by Keegan Kolesar.
9:09 of 3rd period - Stopped by Landon Bow without a rebound.
9:10 of 3rd period - David Ullstrom wins face-off versus Justin Kloos in Laval Rockets zone.
9:33 of 3rd period - Wrist shot by David Ullstrom.
9:33 of 3rd period - Stopped by Unknown Goalie with a rebound.
9:35 of 3rd period - Slapshot by Chris Breen.
9:35 of 3rd period - Stopped by Unknown Goalie without a rebound.
9:36 of 3rd period - Jayson Megna wins face-off versus Jordan Weal in London Knights zone.
10:52 of 3rd period - Wrist shot by Sheldon Dries.
10:52 of 3rd period - Goal by Sheldon Dries - London Knights : 6 - Laval Rockets : 9.
10:53 of 3rd period - Jayson Megna wins face-off versus Jordan Weal in neutral zone.
11:01 of 3rd period - Hunter Warner is hit by Chris Butler.
11:51 of 3rd period - Icing by Brendan Guhle.
11:52 of 3rd period - Jayson Megna wins face-off versus Logan O'Connor in Laval Rockets zone.
12:00 of 3rd period - Icing by Tyler Wotherspoon.
12:01 of 3rd period - Jayson Megna wins face-off versus Jordan Weal in London Knights zone.
13:27 of 3rd period - Slapshot by Henri Jokiharju.
13:27 of 3rd period - Shot Blocked by Filip Zadina.
13:29 of 3rd period - Snap shot by Henri Jokiharju.
13:29 of 3rd period - Shot Misses the Net.
13:31 of 3rd period - Slapshot by Casey Nelson.
13:31 of 3rd period - Deflect By Valeri Nichushkin.
13:31 of 3rd period - Shot Blocked by Tyler Wotherspoon.
13:31 of 3rd period - Puck is out of play.
13:32 of 3rd period - David Ullstrom wins face-off versus Justin Kloos in London Knights zone.
13:33 of 3rd period - Wrist shot by Tomas Nosek.
13:33 of 3rd period - Shot Misses the Net.
13:35 of 3rd period - Snap shot by Josh Archibald.
13:35 of 3rd period - Shot Blocked by Justin Kloos.
13:37 of 3rd period - Snap shot by Tomas Nosek.
13:37 of 3rd period - Deflect By Justin Kloos.
13:37 of 3rd period - Shot Misses the Net.
13:37 of 3rd period - Puck is out of play.
13:38 of 3rd period - Justin Kloos wins face-off versus David Ullstrom in London Knights zone.
14:11 of 3rd period - Chris Butler and Keegan Kolesar fight to a draw.
14:11 of 3rd period - Penalty to Chris Butler for Fighting.
14:11 of 3rd period - Penalty to Keegan Kolesar for Fighting.
14:11 of 3rd period - Penalty to Keegan Kolesar for instigated a fight.
14:11 of 3rd period - Penalty to Keegan Kolesar for instigated a fight.
14:12 of 3rd period - Emil Bemstrom wins face-off versus Jayson Megna in neutral zone.
16:11 of 3rd period - Penalty to Keegan Kolesar is over, Nicolas Aube-Kubel is send on ice.
16:41 of 3rd period - Wrist shot by Justin Kloos.
16:41 of 3rd period - Shot Blocked by Brendan Guhle.
16:49 of 3rd period - Filip Zadina is hit by Dante Fabbro and loses puck.
17:16 of 3rd period - Snap shot by Filip Zadina.
17:16 of 3rd period - Stopped by Landon Bow without a rebound.
17:17 of 3rd period - Sheldon Dries wins face-off versus Jordan Weal in Laval Rockets zone.
17:24 of 3rd period - Wrist shot by Jordan Weal.
17:24 of 3rd period - Stopped by Unknown Goalie with a rebound.
17:50 of 3rd period - Off-side.
17:51 of 3rd period - David Ullstrom wins face-off versus Sheldon Dries in neutral zone.
18:16 of 3rd period - Casey Nelson is hit by Kieffer Bellows and loses puck.
18:23 of 3rd period - Ethan Prow is hit by Emil Bemstrom and loses puck.
18:38 of 3rd period - Wrist shot by Nicolas Aube-Kubel.
18:38 of 3rd period - Stopped by Landon Bow without a rebound.
18:39 of 3rd period - Ryan Fitzgerald wins face-off versus Jayson Megna in Laval Rockets zone.
19:08 of 3rd period - Wrist shot by Jordan Weal.
19:08 of 3rd period - Stopped by Unknown Goalie with a rebound.
19:26 of 3rd period - Wrist shot by Sheldon Dries.
19:26 of 3rd period - Shot Misses the Net.
19:52 of 3rd period - Wrist shot by Jayden Halbgewachs.
19:52 of 3rd period - Shot Misses the Net.
19:55 of 3rd period - Icing by Jack Rodewald.
19:56 of 3rd period - Jordan Weal wins face-off versus Filip Zadina in London Knights zone.
Goals for this period are 4 for London Knights vs 1 for Laval Rockets.
Shots for this period are 12 for London Knights vs 13 for Laval Rockets.